 Dungeon Crawl Stone Soup version 0.26.1-2-gb8aa6d0cf2 (webtiles) character file.

Game seed: 17598599628376590145

3438 Revguard the Grappler (level 9, -2/84 HPs)
             Began as a Troll Berserker on Feb 26, 2021.
             Was an Elder of Trog.
             Slain by an orc warrior
             ... wielding a +0 glaive
              (19 damage)
             ... in a bailey.
             The game lasted 00:22:18 (5433 turns).

Revguard the Grappler (Troll Berserker)             Turns: 5433, Time: 00:22:19

Health: -2/84      AC:  9    Str: 31    XL:     9   Next: 77%
Magic:  8/8        EV: 12    Int: 12    God:    Trog [****..]
Gold:   357        SH:  0    Dex: 11    Spells: 8/8 levels left

rFire    . . .     SeeInvis .     - Unarmed
rCold    . . .     Faith    .   (no shield)
rNeg     . . .     Spirit   .   w - +0 steam dragon scales
rPois    .         Reflect  .   (helmet restricted)
rElec    .         Harm     .   (no cloak)
rCorr    .         Rampage  .   (gloves unavailable)
Will     .....                  (boots unavailable)
Stlth    +.........             (no amulet)
HPRegen  0.64/turn              g - +6 ring of intelligence
MPRegen  0.11/turn              (no ring)

@: berserk cooldown, slowed, very slow
A: large, unfitting armour, claws 3, clever 1, regeneration 1, shaggy fur 1,
strong 2, tough skin 3
a: Renounce Religion, Berserk, Trog's Hand, Brothers in Arms


You were in a bailey.
You worshipped Trog.
Trog was greatly pleased with you.
You visited 1 branch of the dungeon, and saw 7 of its levels.
You also visited: Ossuary and Bailey.

You collected 357 gold pieces.

Inventory:

Hand Weapons
 q - the +7 quarterstaff of Valuable Assets {freeze, rElec Int+2 Stlth+}
   (You found it on level 4 of the Dungeon)

   It has been specially enchanted to freeze those struck by it, causing extra
   injury to most foes and up to half again as much damage against particularly
   susceptible opponents.
   It can also slow down cold-blooded creatures.
   It affects your intelligence (+2).
   It insulates you from electricity.
   It makes you more stealthy.
Missiles
 k - 15 poisoned darts (quivered)
 m - 3 boomerangs
Armour
 w - +0 steam dragon scales (worn)
Jewellery
 g - a +6 ring of intelligence (left claw)
Wands
 l - a wand of iceblast (6)
 o - a wand of acid (6)
Scrolls
 d - 7 scrolls of identify
 h - a scroll of enchant weapon
 j - 5 scrolls of remove curse
 t - a scroll of immolation
 u - a scroll of teleportation
 v - 2 scrolls of blinking
Potions
 b - a potion of magic
 c - a potion of mutation
 f - 3 potions of heal wounds
 i - a potion of might
 n - a potion of attraction
 p - a potion of brilliance
 r - 2 potions of haste
 s - 3 potions of curing


   Skills:
 + Level 4.2 Fighting
 + Level 2.9 Throwing
 + Level 5.9 Dodging
 + Level 10.0 Unarmed Combat
 * Level 4.1 Evocations


You had 8 spell levels left.
You didn't know any spells.
Your spell library was empty.

Dungeon Overview and Level Annotations

Branches:
Dungeon (8/15)            Ossuary (visited)          Bailey (1/1)
 Temple: D:4-7         Lair: D:8-11

Altars:
Qazlal
Ru
Sif Muna
Vehumet
Zin


Innate Abilities, Weirdness & Mutations

You are too large for most types of armour.
You have claws for hands.
Your natural rate of healing is unusually fast.
You are covered in fur. (AC +1)
You have extremely tough skin. (AC +3)
Your mind is acute. (Int +2)
Your muscles are very strong. (Str +4)


Message History

You start resting.
You feel the effects of Trog's Hand fading.
An orc comes into view. It is wielding a +0 trident.
An orc is nearby!
An orc warrior comes into view. It is wielding a +0 glaive.
The orc warrior shouts!
The orc hits you from afar with a +0 trident.
Your skin stops crawling.
You feel less strong-willed. The orc hits you with a +0 trident.
* * * LOW HITPOINT WARNING * * *
The orc warrior hits you from afar with a +0 glaive!
* * * LOW HITPOINT WARNING * * *
The orc hits you but does no damage. The orc warrior barely misses you.
The orc hits you but does no damage.
The orc warrior hits you but does no damage.
You claw the orc warrior!
The orc warrior is heavily wounded.
The orc hits you but does no damage.
The orc warrior hits you with a +0 glaive!!
You die...

≈≈≈...≈≈≈.≈.≈≈.#.)#
≈..⌠.⌠..≈.≈≈.≈.#.)+
...∩(∩..≈....≈)#..+
≈..⌠.⌠..≈)≈≈.≈)#))+
≈≈≈...≈≈≈.≈)≈≈(#..#
..≈≈≈≈≈))≈≈)≈(##..#
≈≈.....≈≈≈)≈≈.#o..#
.≈≈≈≈≈≈≈))≈≈..#...#
≈.......≈≈≈.⌠.#.@.#
≈≈≈≈≈≈≈≈≈....##.o.#
.........#####....#
########## ......#
......## .......##
≈≈≈≈≈≈# ######


You could see an orc warrior and an orc.

Vanquished Creatures
  Joseph (D:7)
  Maggie (D:7)
  4 orc warriors
  2 black bears (D:6)
  2 sky beasts (D:6)
  3 ogres
  4 centaurs
  A big kobold (D:7)
  5 bullfrogs
  2 scorpions (D:6)
  A howler monkey (D:4)
  2 centaur zombies (Ossuary)
  A jelly (D:7)
  3 hounds
  3 orc priests
  2 iguanas (D:4)
  5 worker ants
  7 orc wizards
  4 big kobold zombies (Ossuary)
  A hound zombie (D:6)
  6 mummies (Ossuary)
  10 adders
  An ooze (D:3)
  3 worms
  3 leopard geckos (D:2)
  36 orcs
  2 giant cockroaches (D:3)
  9 hobgoblins
  4 jackals (D:1)
  4 quokkas
  3 ball pythons
  12 bats
  7 frilled lizards
  16 goblins
  A hobgoblin zombie (Ossuary)
  A jackal skeleton (D:7)
  16 kobolds
  A leopard gecko skeleton (D:8)
  8 rats
197 creatures vanquished.

Notes
Turn   | Place    | Note
-------+----------+-------------------------------------------
     0 | D:1      | Revguard the Troll Berserker began the quest for the Orb.
     0 | D:1      | Reached XP level 1. HP: 22/22 MP: 0/0
   115 | D:1      | Reached XP level 2. HP: 29/29 MP: 1/1
   247 | D:1      | Reached ** piety under Trog
   360 | D:1      | Reached XP level 3. HP: 32/36 MP: 2/2
   543 | D:1      | Found a shimmering blue altar of Sif Muna.
   829 | D:2      | Reached skill level 4 in Unarmed Combat
   829 | D:2      | Reached XP level 4. HP: 40/44 MP: 3/3
  1188 | D:2      | Reached skill level 1 in Throwing
  1549 | D:3      | Found a sacrificial altar of Ru.
  1589 | D:3      | Reached XP level 5. HP: 37/52 MP: 4/4
  1594 | D:3      | Reached *** piety under Trog
  1652 | D:3      | Gained mutation: Your mind is acute. (Int +2) [potion of
                  | mutation]
  1652 | D:3      | Gained mutation: Your muscles are strong. (Str +2) [potion
                  | of mutation]
  1652 | D:3      | Gained mutation: Your muscles are very strong. (Str +4)
                  | [potion of mutation]
  1721 | D:3      | Found a stormy altar of Qazlal.
  1885 | D:3      | Found a radiant altar of Vehumet.
  2035 | D:3      | Reached skill level 5 in Unarmed Combat
  2435 | D:4      | Reached XP level 6. HP: 38/59 MP: 5/5
  2641 | D:4      | Reached skill level 1 in Evocations
  2672 | D:4      | Reached XP level 7. HP: 65/67 MP: 6/6
  2737 | D:4      | Reached skill level 6 in Unarmed Combat
  2816 | D:4      | Got a smoking quarterstaff
  2820 | D:4      | Identified the +7 quarterstaff of Valuable Assets {freeze,
                  | rElec Int+2 Stlth+} (You found it on level 4 of the
                  | Dungeon)
  3003 | D:4      | You fall into a shaft and drop 2 floors!
  3007 | D:6      | Found a sand-covered staircase.
  3012 | Ossuary  | Entered an ossuary
  3158 | D:6      | Reached skill level 7 in Unarmed Combat
  3234 | D:6      | Reached **** piety under Trog
  3235 | D:6      | Reached XP level 8. HP: 68/75 MP: 7/7
  3690 | D:6      | Reached skill level 8 in Unarmed Combat
  3918 | D:6      | Reached skill level 5 in Dodging
  4078 | D:6      | Found a glowing silver altar of Zin.
  4464 | D:7      | Reached XP level 9. HP: 82/84 MP: 8/8
  4580 | D:7      | Noticed Maggie
  4595 | D:7      | Killed Maggie
  4596 | D:7      | Reached skill level 9 in Unarmed Combat
  4688 | D:7      | Noticed a manticore
  4718 | D:7      | Noticed Joseph
  4738 | D:7      | Killed Joseph
  5192 | D:8      | Found a flagged portal.
  5220 | Bailey   | Entered a bailey
  5421 | Bailey   | Reached skill level 10 in Unarmed Combat
  5433 | Bailey   | Slain by an orc warrior

Illustrated notes

Levels and vault maps discovered:
D:1:      dpeg_arrival_lava_altar, layout_rooms
D:2:      layout_basic
D:3:      layout_basic, vehumet_crystals, general_overflow_altar,
          nicolae_ru_great_annihilating_truth
D:4:      layout_basic
D:6:      layout_loops_corners, kennysheep_little_box, enter_ossuary_2
D:7:      layout_loops_cross, minivault_24, moated_statue,
          lightli_corner_chamber, uniq_joseph, uniq_maggie
D:8:      layout_basic, old_standard_altar, nicolae_overflow_crystal_walls,
          minmay_overflow_temple_star_quad, nicolae_overflow_hidden_temple,
          enter_bailey_5, serial_shops, shop
Bailey:   bailey_polearm_flooded_kennysheep, bailey

Skill      XL: |  1  2  3  4  5  6  7  8  9 |
---------------+----------------------------+-----
Dodging        | 3 4 5 |  5.9
Unarmed Combat | 4 5 7 8 10 | 10.0
Throwing       | 1 2 |  2.9
Fighting       | 3 4 |  4.2
Evocations     | 1 2 3 4 |  4.1

Action                   |  1- 3 |  4- 6 |  7- 9 || total
-------------------------+-------+-------+-------++-------
Melee: Unarmed           |   114 |   147 |   297 ||   558
       Punch             |     1 |     4 |     9 ||    14
Throw: Dart              |       |       |    34 ||    34
Invok: Trog's Hand       |     1 |     1 |     4 ||     6
       Berserk           |     1 |     1 |     2 ||     4
  Use: Scroll            |       |     9 |     9 ||    18
       Potion            |       |     6 |       ||     6
Armor: Animal skin       |    41 |    55 |    65 ||   161
       Steam dragon scal |       |       |    38 ||    38
Dodge: Dodged            |    59 |    89 |   197 ||   345
